 Dungeon Crawl Stone Soup version 0.32-a0-876-gcfddb08e57 (webtiles) character file.

Game seed: 10519839540329342339

92 Fodor the Covered (level 4, -14/41 HPs)
             Began as a Minotaur Fighter on Mar 31, 2024.
             Demolished by an ogre
             ... wielding a +0 giant club
              (18 damage)
             ... on level 3 of the Dungeon.
             The game lasted 00:05:01 (1317 turns).

Fodor the Covered (Minotaur Fighter)                Turns: 1317, Time: 00:05:01

Health: -14/41     AC:  7    Str: 23    XL:     4   Next: 35%
Magic:  3/3        EV:  8    Int:  5    God:
Gold:   121        SH:  4    Dex:  9    Spells: 3/3 levels left

rFire   . . .        m - +0 broad axe
rCold   . . .        c - +0 buckler
rNeg    . . .        b - +0 scale mail
rPois   .            (helmet restricted)
rElec   .            j - scarf {harm}
rCorr   .            (no gloves)
SInv    .            (no boots)
Will    .....        (no amulet) Stlth
                     (no ring)
HPRegen 0.26/turn    (no ring)
MPRegen 0.08/turn

%: harm (+30% outgoing, +20% incoming)
@: no status effects
A: horns 2, retaliatory headbutt
a: no special abilities


You were on level 3 of the Dungeon.
You visited 1 branch of the dungeon, and saw 3 of its levels.

You collected 121 gold pieces.

Inventory:

Hand Weapons
 a - a +0 war axe
 m - a +0 broad axe (weapon)
Armour
 b - a +0 scale mail (worn)
 c - a +0 buckler (worn)
 h - a +0 cloak
 j - a scarf of harm (worn)
Scrolls
 e - a scroll of fear {unknown}
 f - a scroll of poison {unknown}
 n - a scroll of immolation {unknown}
Potions
 d - a potion of might
 g - a potion of heal wounds {unknown}
 i - 2 potions of curing {unknown}
 k - a potion of attraction {unknown}
 l - a potion of degeneration {unknown}


   Skills:
 + Level 4.4 Fighting
 + Level 3.6 Axes
 + Level 4.4 Armour
 + Level 0.5 Dodging
 + Level 4.2 Shields


You had 3 spell levels left.
You didn't know any spells.
Your spell library contained the following spells:

 Spells                   Type           Power      Damage    Failure   Level
 Blink                    Tloc           0%         N/A       93%         2
 Lesser Beckoning         Tloc           0%         N/A       93%         2
 Momentum Strike          Conj/Tloc      0%         3d8       93%         2
 Sublimation of Blood     Necr           0%         N/A       93%         2
 Inner Flame              Hex/Fire       0%         N/A       99%         3
 Petrify                  Alch/Erth      0%         N/A       100%        4
 Irradiate                Conj/Alch      0%         3d11      100%        5
 Ignition                 Fire           0%         3d3       100%        8


Dungeon Overview and Level Annotations

Branches:
Dungeon (3/15)

Altars:
Nemelex Xobeh
Trog


Innate Abilities, Weirdness & Mutations

You have a pair of horns on your head.
You reflexively headbutt those who attack you in melee.


Message History

A frilled lizard and a kobold come into view.
The frilled lizard hisses angrily.
You closely miss the kobold. You headbutt the kobold.
You kill the kobold!
Things that are here:
a +0 club; a stone; a kobold corpse You slash the frilled lizard!
You kill the frilled lizard!
You see here a frilled lizard corpse.
You see here a frilled lizard corpse.
You open the gate.
There is an open gate here.
Found a sparkling altar of Nemelex Xobeh.
There is a sparkling altar of Nemelex Xobeh here.
You open the gate.
A ball python comes into view.
The ball python hisses angrily.
A ball python is nearby!
There is an open gate here.
You slice the ball python!!
You kill the ball python!
Found a stone staircase leading up.
A frilled lizard comes into view.
Found an escape hatch in the floor.
The frilled lizard hisses angrily.
There is an escape hatch in the floor here.
The frilled lizard unfolds its giant frill.
The frilled lizard bites you but does no damage.
You closely miss the frilled lizard.
Your headbutt misses the frilled lizard.
The frilled lizard barely misses you. You block the frilled lizard's attack.
You slash the frilled lizard!
You kill the frilled lizard!
An ogre comes into view. It is wielding a +0 giant club.
The ogre shouts!
The ogre hits you with a +0 giant club!!
Ouch! That really hurt!
* * * LOW HITPOINT WARNING * * *
You barely miss the ogre. The ogre hits you with a +0 giant club!
You die...

.....<....#
#######.#.#
#.. ...#.#
#.# #####.###
#.# #...# #.#
###.# #.# #.#
#O# #.#
#@#########.#
#........>..#
#############


You could see an ogre.

Vanquished Creatures
  3 adders
  A dart slug (D:1)
  11 ball pythons
  8 endoplasms
  2 giant cockroaches
  4 goblins
  4 hobgoblins
  4 jackals (D:1)
  A quokka (D:1)
  4 bats
  5 frilled lizards
  7 kobolds
  6 rats
60 creatures vanquished.

Notes
Turn   | Place    | Note
-------+----------+-------------------------------------------
     0 | D:1      | Fodor the Minotaur Fighter began the quest for the Orb.
     0 | D:1      | Reached XP level 1. HP: 19/19 MP: 0/0
    93 | D:1      | Reached XP level 2. HP: 20/27 MP: 1/1
   327 | D:1      | Reached XP level 3. HP: 32/33 MP: 2/2
  1178 | D:3      | Reached XP level 4. HP: 39/40 MP: 3/3
  1195 | D:3      | Found a bloodstained altar of Trog.
  1261 | D:3      | Found a sparkling altar of Nemelex Xobeh.
  1315 | D:3      | Noticed an ogre
  1317 | D:3      | Demolished by an ogre

Illustrated notes

Levels and vault maps discovered:
D:1:      elethiomel_arrival_quiet, layout_rooms
D:2:      layout_rooms
D:3:      layout_basic, grunt_gozag_statues, lemuel_crystal_altar,
          nemelex_altar_shiori, st_stairs_5

Skill      XL: |  1  2  3 |
---------------+----------+-----
Armour         | 4 |  4.4
Fighting       | 4 |  4.4
Shields        | 4 |  4.2
Axes           | 3 |  3.6
Dodging        | |  0.5

Action                     |  1- 3 |  4- 6 || total
---------------------------+-------+-------++-------
  Melee: War axe           |    76 |       ||    76
         Headbutt          |    12 |     2 ||    14
         Broad axe         |    16 |    16 ||    32
 Armour: Scale mail        |    89 |    16 ||   105
  Dodge: Dodged            |    47 |    11 ||    58
  Block: Buckler           |    18 |     3 ||    21

Table legend: (Time is in decaauts)
 A = Elapsed time spent in this place.
 B = Non-inter-level travel time spent in this place.
 C = Inter-level travel time spent in this place.
 D = Time resting spent in this place.
 E = Time spent auto-exploring this place.
 F = Levels seen in this place.
 G = Mean time per level.
                   A        B        C        D        E       F      G
               +--------+--------+--------+--------+--------+-----+--------+
         Total |   1360 |   1323 |     37 |      0 |    751 |   3 |  453.3 |
       Dungeon |   1360 |   1323 |     37 |      0 |    751 |   3 |  453.3 |
               +--------+--------+--------+--------+--------+-----+--------+

Top non-repeatable levels by time:
     D:1: 635 daAuts
     D:2: 537 daAuts
     D:3: 186 daAuts
